 Dungeon Sprint DCSS version 0.26-a0-660-gc07710193c (webtiles) character file.

Game seed: 16314431982142788718

1857 mhtbhm the Carver (level 8, -15/83 HPs)
             Began as a Minotaur Fighter on Oct 5, 2020.
             Was a Priest of Trog.
             Killed by the air
             ... invoked by Gastronok
              (25 damage)
             ... in the Dungeon (Sprint IX: "|||||||||||||||||||||||||||||").
             The game lasted 00:00:56 (449 turns).

mhtbhm the Carver (Minotaur Fighter)                 Turns: 449, Time: 00:00:56

Health: -15/83     AC: 14    Str: 22    XL:     8   Next: 89%
Magic:  7/7        EV: 10    Int:  5    God:    Trog [***...]
Gold:   0          SH: 13    Dex: 14    Spells: 7/7 levels left

rFire    . . .     SeeInvis .   a - +2 scimitar (holy)
rCold    . . .     Faith    .   c - +0 kite shield
rNeg     . . .     Spirit   .   b - +0 plate armour
rPois    .         Reflect  .   (helmet restricted)
rElec    .         Harm     .   (no cloak)
rCorr    .         Rampage  .   (no gloves)
MR       .....     NoTele   +   (no boots)
Stlth    ..........             (no amulet)
HPRegen  0.23/turn              n - +3 ring of dexterity
MPRegen  0.10/turn              o - +2 ring of evasion

@: no status effects
A: retaliatory headbutt, horns 2
a: Berserk, Trog's Hand, Renounce Religion


You were in the Dungeon.
You worshipped Trog.
Trog was most pleased with you.
You visited 1 branch

Inventory:

Hand Weapons
 a - a +2 scimitar of holy wrath (weapon)
Armour
 b - a +0 plate armour (worn)
 c - a +0 kite shield (worn)
Jewellery
 n - a +3 ring of dexterity (left hand)
 o - a +2 ring of evasion (right hand)
Wands
 m - a wand of iceblast (10)
Scrolls
 j - 2 scrolls of blinking
 l - 3 scrolls of remove curse
Potions
 d - a potion of might
 e - 5 potions of curing
 f - 3 potions of heal wounds
 g - a potion of haste
 h - 4 potions of magic
 i - a potion of berserk rage
 k - a potion of invisibility


   Skills:
 + Level 12.0 Fighting
 + Level 12.7 Long Blades
 + Level 10.3 Armour
 + Level 4.2 Dodging
 + Level 12.7 Shields


You had 7 spell levels left.
You didn't know any spells.
Your spell library was empty.

Dungeon Overview and Level Annotations

Branches:
Dungeon (1/1)

Altars:
Cheibriados
Dithmenos
Elyvilon
Fedhas
Gozag
Hepliaklqana
Kikubaaqudgha
Makhleb
Nemelex Xobeh
Okawaru
Qazlal
Ru
Sif Muna
Trog
Uskayaw
Vehumet
Wu Jian
Xom
Yredelemnul
Zin
The Shining One
Beogh
Jiyva
Lugonu

Annotations:
D Gastronok


Innate Abilities, Weirdness & Mutations

You reflexively headbutt those who attack you in melee.
You have a pair of horns on your head.


Message History

You hit Gastronok.
Gastronok is moderately wounded.
Your plate armour prevents you from hitting Gastronok.
Gastronok is moderately wounded.
Gastronok bites you!
You slash Gastronok!
Gastronok is moderately wounded.
You hit Gastronok.
Gastronok is moderately wounded.
Gastronok bites you!
* * * LOW HITPOINT WARNING * * *
You slash Gastronok!
Gastronok is moderately wounded.
You hit Gastronok.
Gastronok is heavily wounded.
You slice Gastronok!! You headbutt Gastronok!
Gastronok is severely wounded.
Gastronok waves his eye-stalks in wide circles.
The air twists around and strikes you!!
You die...

▓▓▓▓▓▓▓▓▓▓▓▓▓▓▓▓▓▓▓▓▓▓▓▓▓▓▓▓▓▓▓▓▓
..[[[.)?.'_______________________
▓▓▓▓▓▓▓▓▓▓▓▓▓▓▓▓▓▓▓▓▓▓▓▓▓▓▓▓▓▓▓▓▓
................@w......
▓▓▓▓▓▓▓▓▓▓▓▓▓▓▓▓▓▓▓▓▓▓▓▓


You could see Gastronok.

Vanquished Creatures
  A centaur warrior (D)
  A two-headed ogre (D)
  An ice beast (D)
  A phantom (D)
  A sky beast (D)
  An ogre (D)
  A bullfrog (D)
  A killer bee (D)
  2 hounds (D)
  A worker ant (D)
  A gnoll (D)
  A dart slug (D)
  2 leopard geckos (D)
  2 orcs (D)
  A bat (D)
  A bat zombie (D)
  2 hobgoblins (D)
  A quokka (D)
22 creatures vanquished.

Notes
Turn   | Place    | Note
-------+----------+-------------------------------------------
     0 | D        | mhtbhm the Minotaur Fighter began the quest for the Orb.
     0 | D        | Reached XP level 1. HP: 19/19 MP: 0/0
    12 | D        | Reached XP level 2. HP: 25/28 MP: 1/1
    49 | D        | Noticed an ice beast
    57 | D        | Reached skill level 5 in Fighting
    57 | D        | Reached skill level 5 in Shields
    61 | D        | Reached skill level 5 in Armour
    61 | D        | Reached XP level 3. HP: 23/37 MP: 2/2
    70 | D        | Killed an ice beast
    70 | D        | Reached skill level 5 in Long Blades
    70 | D        | Reached skill level 1 in Dodging
    70 | D        | Reached XP level 4. HP: 17/47 MP: 3/3
    70 | D        | Reached XP level 5. HP: 19/52 MP: 4/4
    85 | D        | Found a roughly hewn altar of Beogh.
    85 | D        | Found a snail-covered altar of Cheibriados.
    85 | D        | Found a shadowy altar of Dithmenos.
    85 | D        | Found a white marble altar of Elyvilon.
    85 | D        | Found a blossoming altar of Fedhas.
    85 | D        | Found an opulent altar of Gozag.
    86 | D        | Found a hazy altar of Hepliaklqana.
    87 | D        | Found a viscous altar of Jiyva.
    88 | D        | Found an ancient bone altar of Kikubaaqudgha.
    89 | D        | Found a corrupted altar of Lugonu.
    90 | D        | Found a burning altar of Makhleb.
    91 | D        | Found a sparkling altar of Nemelex Xobeh.
    92 | D        | Found an iron altar of Okawaru.
    93 | D        | Found a stormy altar of Qazlal.
    94 | D        | Found a sacrificial altar of Ru.
    95 | D        | Found a shimmering blue altar of Sif Muna.
    96 | D        | Found a bloodstained altar of Trog.
    97 | D        | Found a hide-covered altar of Uskayaw.
    98 | D        | Found a radiant altar of Vehumet.
    99 | D        | Found an ornate altar of the Wu Jian Council.
   100 | D        | Found a shimmering altar of Xom.
   101 | D        | Found a basalt altar of Yredelemnul.
   102 | D        | Found a glowing silver altar of Zin.
   103 | D        | Found a glowing golden altar of the Shining One.
   118 | D        | Became a worshipper of Trog the Wrathful
   286 | D        | Noticed a phantom
   286 | D        | Noticed a sky beast
   290 | D        | Killed a phantom
   294 | D        | Killed a sky beast
   294 | D        | Reached XP level 6. HP: 56/63 MP: 5/5
   297 | D        | Reached * piety under Trog
   307 | D        | Reached skill level 10 in Shields
   308 | D        | Reached ** piety under Trog
   362 | D        | Noticed a centaur warrior
   362 | D        | Noticed a two-headed ogre
   368 | D        | Killed a two-headed ogre
   368 | D        | Reached skill level 10 in Long Blades
   368 | D        | Reached XP level 7. HP: 74/74 MP: 6/6
   368 | D        | Reached XP level 8. HP: 82/82 MP: 7/7
   378 | D        | Killed a centaur warrior
   378 | D        | Reached skill level 10 in Armour
   387 | D        | Reached *** piety under Trog
   433 | D        | Noticed Gastronok
   449 | D        | Killed from afar by Gastronok

Illustrated notes

Levels and vault maps discovered:
D:        linesprint [early_d, line_temple, items_1, d_10, items_2, lair_1,
          lair_end, items_3, orc_1, orc_end, items_4, d_15, swamp_1, shoals_1,
          snake_1, spider_1, d_20, vaults_1, items_5, swamp_end, shoals_end,
          snake_end, spider_end, vaults_end, d_27, items_6, zot_1, zot_end,
          crypt_end, forest_end, elf_end, slime_end, tomb_end, abyss_end,
          pan_hell_end]

Skill      XL: |  1  2  3  4  5  6  7  8 |
---------------+-------------------------+-----
Fighting       | 4 5 7 9 11 12 | 12.0
Armour         | 4 5 6 8 9 10 | 10.3
Shields        | 4 5 7 9 11 12 | 12.7
Long Blades    | 3 5 7 10 12 | 12.7
Dodging        | 1 2 3 4 |  4.2

Action                   |  1- 3 |  4- 6 |  7- 9 || total
-------------------------+-------+-------+-------++-------
Melee: Long sword        |    29 |     6 |       ||    35
       Headbutt          |     4 |     5 |     4 ||    13
       Scimitar          |       |    27 |    35 ||    62
Invok: Berserk           |       |     1 |       ||     1
Armor: Scale mail        |     6 |     2 |       ||     8
       Plate armour      |       |    13 |     6 ||    19
Dodge: Dodged            |     6 |     8 |     8 ||    22
Block: Kite shield       |    16 |    19 |    15 ||    50
       Rpst.: Long sword |     4 |       |       ||     4
       Scimitar          |       |     3 |     1 ||     4

Table legend: (Time is in decaauts)
 A = Elapsed time spent in this place.
 B = Non-inter-level travel time spent in this place.
 C = Inter-level travel time spent in this place.
 D = Time resting spent in this place.
 E = Time spent auto-exploring this place.
 F = Levels seen in this place.
 G = Mean time per level.
                   A        B        C        D        E       F      G
               +--------+--------+--------+--------+--------+-----+--------+
         Total |    459 |    459 |      0 |    205 |      3 |   1 |  459.0 |
       Dungeon |    459 |    459 |      0 |    205 |      3 |   1 |  459.0 |
               +--------+--------+--------+--------+--------+-----+--------+

Top non-repeatable levels by time:
       D: 459 daAuts
